 Dungeon Crawl Stone Soup version 0.29.0-7-g18a832c13a (console) character file.

Game seed: 5412323927908146289

91372 jejorda2 the Fighter (level 16, -1/129 (135) HPs)
             Began as a Vine Stalker Berserker on Aug 30, 2022.
             Was a High Priest of Trog.
             Slain by a storm dragon (2 damage)
             ... on level 14 of the Dungeon.
             The game lasted 01:49:31 (25181 turns).

jejorda2 the Fighter (Vine Stalker Berserker)      Turns: 25181, Time: 01:49:33

HP:   -1/129 (135)  AC: 23    Str: 26    XL:     16   Next: 3%
MP:   0/17          EV: 11    Int:  6    God:    Trog [*****.]
Gold: 2203          SH:  8    Dex: 16    Spells: 15/15 levels left

rFire   + + .      SeeInvis .   a - +2 dagger (elec)
rCold   + + .      Faith    +   G - +2 buckler
rNeg    . . .      Spirit   +   u - +1 plate armour of Packihil {rC++ Will+++ Int-5}
rPois   +          Reflect  .   (no helmet)
rElec   +          Harm     .   N - scarf {rC+ rF+}
rCorr   .          Rampage  .   O - +2 pair of gloves
Will    +++++                   m - +2 pair of boots
Stlth   ..........              V - amulet of faith
HPRegen 2.11/turn               Z - ring "Pifik" {rElec rPois}
MPRegen 0.15/turn               Y - ring "Xemem" {Fire Fly Int+4}

@: mighty, berserking (expiring), strong-willed, flying, regenerating, hasted,
lightly drained, very quick
A: fangs 3, regeneration 1, magic shield, antimagic bite, no potion heal 2
a: Renounce Religion, Berserk, Trog's Hand, Brothers in Arms


You were on level 14 of the Dungeon.
You worshipped Trog.
Trog was extremely pleased with you.
You visited 3 branches of the dungeon, and saw 22 of its levels.
You also visited: Ice Cave and Volcano.

You collected 2747 gold pieces.
You spent 544 gold pieces at shops.

Inventory:

Hand Weapons
 a - a +2 dagger of electrocution (weapon)
 b - a +2 dagger of protection
Missiles
 c - 18 boomerangs
 j - 108 stones
 l - 5 throwing nets
 r - 26 poisoned darts
 x - 5 curare-tipped darts
 I - 6 javelins (quivered)
Armour
 m - a +2 pair of boots (worn)
 u - the +1 plate armour of Packihil (worn) {rC++ Will+++ Int-5}
   (You found it on level 1 of the Lair of Beasts)

   Int:       It affects your intelligence (-5).
   rC:        It greatly protects you from cold.
   Will:      It greatly increases your willpower.
 G - a +2 buckler (worn)
 N - a scarf of resistance (worn)
 O - a +2 pair of gloves (worn)
Jewellery
 f - a ring of resist corrosion
 F - a +4 ring of protection
 R - a ring of see invisible
 U - a ring of positive energy
 V - an amulet of faith (around neck)
 Y - the ring "Xemem" (right hand) {Fire Fly Int+4}
   (You found it on level 15 of the Dungeon)

   [ring of fire]

   It enhances your fire magic.
   Int:       It affects your intelligence (+4).
   rF:        It protects you from fire.
   rC:        It makes you vulnerable to cold.
   Fly:       It grants you flight.
 Z - the ring "Pifik" (left hand) {rElec rPois}
   (You bought it in a shop on level 2 of the Orcish Mines)

   [ring of poison resistance]

   rElec:     It insulates you from electricity.
   rPois:     It protects you from poison.
Wands
 o - a wand of flame (46)
 s - a wand of light (5)
 w - a wand of digging (6)
 y - a wand of roots (12)
 E - a wand of mindburst (11)
 K - a wand of polymorph (8)
 L - a wand of paralysis (8)
Scrolls
 p - 5 scrolls of silence
 t - 6 scrolls of identify
 v - 2 scrolls of fear
 A - a scroll of blinking
 B - 4 scrolls of butterflies
 C - 7 scrolls of teleportation
 D - 5 scrolls of poison
 J - 4 scrolls of immolation
 P - 2 scrolls of magic mapping
 T - a scroll of summoning
Potions
 d - 2 potions of mutation
 e - 3 potions of attraction
 g - 2 potions of cancellation
 h - 15 potions of curing
 i - a potion of flight
 k - 3 potions of might
 q - 3 potions of haste
 Q - a potion of berserk rage
 X - a potion of magic


   Skills:
 + Level 12.5 Fighting
 - Level 10.0 Short Blades
 + Level 11.5 Throwing
 - Level 12.0 Armour
 - Level 8.6 Dodging
 - Level 3.0 Stealth
 - Level 6.0 Shields
 - Level 6.0 Evocations


You had 15 spell levels left.
You didn't know any spells.
Your spell library was empty.

Dungeon Overview and Level Annotations

Branches:
Dungeon (15/15)            Temple (0/1) D:4            Lair (5/5) D:9
  Swamp (0/4) Lair:2        Snake (0/4) Lair:3        Slime (0/5) Lair:5
    Orc (2/2) D:12            Elf (0/3) Orc:2        Vaults (0/5) D:13
 Depths (0/4) D:15          IceCv (visited)         Volcano (visited)

Altars:
Dithmenos
Elyvilon
Gozag
Kikubaaqudgha
Makhleb
Okawaru
Qazlal
Ru
Sif Muna
Uskayaw
Vehumet
Wu Jian
Yredelemnul
Zin
The Shining One
Jiyva

Shops:
D:12 [   D:15 [   Orc:1 !   Orc:2 !(:=

Portals:
Trove: D:11 (give 6 scrolls of fear)

Annotations:
D:14 1 transporter, Axipewex's ghost, journeyman OgTm


Innate Abilities, Weirdness & Mutations

You have razor-sharp teeth.
Your natural rate of healing is unusually fast.
When hurt, damage is shared between your health and your magic reserves.
Your bite disrupts and absorbs the magic of your enemies.
Potions cannot restore your health.


Message History

Your bite misses the storm dragon.
The storm dragon is heavily wounded.
The storm dragon bites you! The storm dragon claws you!
The storm dragon tramples you.
You hold your ground!
You hit the storm dragon. You bite the storm dragon!! You drain its power.
You feel invigorated.
The storm dragon is severely wounded.
Unknown command.
You hit the storm dragon but do no damage.
Your bite misses the storm dragon.
The storm dragon is severely wounded.
The storm dragon bites you!
* * * LOW HITPOINT WARNING * * *
The storm dragon claws you!
* * * LOW HITPOINT WARNING * * *
The storm dragon completely misses you.
You hit the storm dragon. Your bite misses the storm dragon.
The storm dragon is severely wounded.
The moth of wrath angrily waves its antennae.
The manticore bites you!
* * * LOW HITPOINT WARNING * * *
You block the manticore's attack. x2
Unknown command.
You hit the storm dragon. You bite the storm dragon! You drain its power.
You feel invigorated.
The storm dragon is severely wounded.
The storm dragon bites you!
* * * LOW HITPOINT WARNING * * *
The storm dragon claws you!
* * * LOW HITPOINT WARNING * * *
The storm dragon tramples you!
* * * LOW HITPOINT WARNING * * *
You hold your ground!
You completely miss the storm dragon. You bite the storm dragon!
You drain its power.
You feel invigorated.
The storm dragon is almost dead.
The wolf spider hits you but does no damage.
You block the wolf spider's attack. You block the storm dragon's attack.
The storm dragon claws you! The storm dragon tramples you.
You die...

.....#..#.....#
.....#..#.....#
..............########
...............##.#..##
..............##......#
......#...............#
.#...................###
##........###©####..[..#
.........##.###s@#####.##
........##.....H#Dy..#..#
........#....#.D.#y..##.#
........#..##.D#D.....#.#
........#...#..©D.##.©#.#
.......##.#.....#y....#.#
.......#....###[y.##.##.#
.......##..#.$?!:(..D#..#
##.#.#..### #####.H##.##


You could see a storm dragon (berserk), a five-headed hydra (inner flame), a
wolf spider (inner flame), a manticore (inner flame), 2 moths of wrath and an
acid dragon (inner flame).

Vanquished Creatures
  Jorgrun (D:12)
  A reaper (IceCv)
  A stone giant (D:10)
  A war gargoyle (D:13)
  Nessos (D:15)
  Azrael (D:15)
  Snorg (D:12)
  2 fire dragons
  Fannar (Lair:2)
  A yaktaur captain (D:10)
  The ghost of unrecovered the Geomancer, a journeyman OpEE of Vehumet (D:11)
  Josephine (D:12)
  An ice dragon (D:15)
  6 hydras
  A boulder beetle (D:10)
  Erica (D:9)
  2 ogre magi (Orc:2)
  Erolcha (Orc:2)
  Harold (D:9)
  A vault guard (D:11)
  3 two-headed ogres
  2 centaur warriors (D:13)
  A tengu warrior (D:13)
  Sonja (Lair:1)
  A swamp dragon (Lair:2)
  A wizard (D:14)
  2 deep elf pyromancers
  4 lindwurms (Volcano)
  A necromancer (D:13)
  3 manticores
  11 ugly things
  8 orc sorcerers (Orc:2)
  4 cyclopes
  3 black mambas
  7 elephants
  2 ice statues (IceCv)
  10 gargoyles
  8 cane toads
  A torpor snail (Lair:4)
  A smoke demon (Volcano)
  Joseph (D:8)
  Maggie (D:6)
  5 rime drakes
  An unseen horror (D:11)
  2 anaconda simulacra (IceCv)
  5 komodo dragons
  2 tengu conjurers
  4 ice devils (IceCv)
  2 freezing wraiths
  10 trolls
  9 polar bears
  7 hornets
  A hornet (shapeshifter) (D:15)
  21 blink frogs
  3 slime creatures (D:12)
  10 dream sheep (Lair:5)
  A centaur simulacrum (D:10)
  2 shadows
  2 vampires (D:12)
  2 wyverns
  5 wraiths
  40 yaks
  15 spriggans (Lair:5)
  6 fire elementals (D:15)
  Grum (D:9)
  Eustachio (D:6)
  2 basilisks
  A human (D:6)
  9 steam dragons
  12 vampire mosquitoes
  2 death yak simulacra (IceCv)
  Menkaure (D:6)
  3 nagas (Lair:3)
  Duvessa (D:7)
  An acid dragon (D:9)
  13 water moccasins
  5 hell hounds
  10 orc warriors
  An ice beast (D:6)
  The ghost of Chani the Covered, an amateur MiFi (D:3)
  8 black bears
  6 ogres
  30 wolves
  4 boggarts (Lair:5)
  5 centaurs
  3 kobold brigands
  3 phantoms
  Blork the orc (D:4)
  6 bullfrogs
  5 two-headed ogre simulacra (IceCv)
  A necrophage (D:4)
  2 gnoll sergeants (D:5)
  6 cane toad simulacra
  A scorpion (D:6)
  8 wights
  Dowan (D:7)
  10 killer bees
  An elephant simulacrum (Lair:4)
  4 howler monkeys
  3 hounds
  10 orc priests
  2 jellies
  2 gnoll boudas (D:5)
  5 iguanas
  Natasha (thrice) (D:3)
  7 hell rats (Lair:4)
  Ijyb (D:4)
  31 orc wizards
  3 troll simulacra (IceCv)
  2 spriggan simulacra (IceCv)
  2 wolf simulacra
  23 gnolls
  6 adders
  3 naga simulacra (IceCv)
  2 shadow imps
  2 ufetubi
  5 dart slugs
  66 orcs
  3 ball pythons
  7 endoplasms
  2 giant cockroaches
  6 goblins
  4 hobgoblins
  2 jackals (D:1)
  A quokka (D:1)
  5 bats
  3 frilled lizards
  A jackal zombie (D:6)
  11 kobolds
  3 rats
  A butterfly (Lair:1)
654 creatures vanquished.

Vanquished Creatures (collateral kills)
  A hydra (Lair:5)
  An anaconda simulacrum (IceCv)
  A basilisk (Lair:5)
3 creatures vanquished.

Vanquished Creatures (others)
  An unseen horror (D:11)
  An orc wizard (Orc:2)
  16 fungi
  16 plants
34 creatures vanquished.

Grand Total: 691 creatures vanquished

Notes
Turn   | Place    | Note
-------+----------+-------------------------------------------
     0 | D:1      | jejorda2 the Vine Stalker Berserker began the quest for the
                  | Orb.
     0 | D:1      | Reached XP level 1. HP: 11/11 MP: 2/2
   443 | D:1      | Reached XP level 2. HP: 14/16 MP: 1/3
   943 | D:1      | Found a faded altar of an unknown god.
  1206 | D:2      | Found a glowing silver altar of Zin.
  1265 | D:2      | Reached XP level 3. HP: 15/20 MP: 2/4
  1471 | D:2      | Gained mutation: Your natural rate of healing is unusually
                  | fast. [Vine Stalker growth]
  1471 | D:2      | Reached XP level 4. HP: 24/24 MP: 5/5
  1960 | D:3      | Noticed Natasha
  1967 | D:3      | Killed Natasha
  1968 | D:3      | Reached XP level 5. HP: 21/29 MP: 6/6
  1975 | D:3      | Reached ** piety under Trog
  2641 | D:3      | Found a runed translucent door.
  2645 | D:3      | Noticed Chani's ghost (amateur MiFi)
  2815 | D:3      | Noticed Natasha
  2826 | D:3      | Killed Natasha
  2949 | D:3      | Killed Chani's ghost
  2950 | D:3      | Reached skill level 5 in Short Blades
  2950 | D:3      | Reached XP level 6. HP: 33/33 MP: 5/7
  3468 | D:3      | Noticed Natasha
  3478 | D:3      | Killed Natasha
  3500 | D:4      | Found a staircase to the Ecumenical Temple.
  3748 | D:4      | Found a white marble altar of Elyvilon.
  3809 | D:4      | Noticed Blork the orc
  3815 | D:4      | Killed Blork the orc
  4021 | D:4      | Found a hide-covered altar of Uskayaw.
  4022 | D:4      | Found an iron altar of Okawaru.
  4023 | D:4      | Found a sacrificial altar of Ru.
  4024 | D:4      | Found an ornate altar of the Wu Jian Council.
  4124 | D:4      | Noticed Ijyb
  4133 | D:4      | Killed Ijyb
  4134 | D:4      | Reached XP level 7. HP: 38/38 MP: 6/8
  4279 | D:4      | Found a stormy altar of Qazlal.
  4357 | D:5      | Entered Level 5 of the Dungeon
  4573 | D:5      | Reached skill level 5 in Fighting
  4874 | D:5      | Reached *** piety under Trog
  4897 | D:5      | Gained mutation: You have razor-sharp teeth. [Vine Stalker
                  | growth]
  4897 | D:5      | Reached XP level 8. HP: 27/43 MP: 6/9
  5231 | D:5      | Identified the +10 trident of Joluil {vorpal, *Rage Dex+6}
  5748 | D:6      | Reached XP level 9. HP: 48/48 MP: 10/10
  5827 | D:6      | Noticed Maggie
  5844 | D:6      | Killed Maggie
  6069 | D:6      | Found a runed translucent door.
  6073 | D:6      | Found a basalt altar of Yredelemnul.
  6122 | D:6      | Noticed Eustachio
  6132 | D:6      | Killed Eustachio
  6160 | D:6      | Noticed Menkaure
  6173 | D:6      | Killed Menkaure
  6201 | D:6      | Reached **** piety under Trog
  6616 | D:7      | Noticed Duvessa
  6616 | D:7      | Noticed Dowan
  6636 | D:7      | Killed Dowan
  6647 | D:7      | Killed Duvessa
  6648 | D:7      | Reached skill level 10 in Short Blades
  6648 | D:7      | Reached XP level 10. HP: 55/55 MP: 11/11
  6821 | D:7      | Found an opulent altar of Gozag.
  7027 | D:7      | Found a burning altar of Makhleb.
  7118 | D:7      | Reached skill level 5 in Armour
  7293 | D:7      | Found a shadowy altar of Dithmenos.
  7649 | D:8      | Found a glowing golden altar of the Shining One.
  7793 | D:8      | Noticed Joseph
  7807 | D:8      | Killed Joseph
  8300 | D:8      | Found an ancient bone altar of Kikubaaqudgha.
  8366 | D:8      | Found a shimmering blue altar of Sif Muna.
  8369 | D:8      | Found a radiant altar of Vehumet.
  8527 | D:9      | Reached skill level 1 in Stealth
  8538 | D:9      | Reached skill level 1 in Evocations
  8792 | D:9      | Reached XP level 11. HP: 60/60 MP: 10/12
  8934 | D:9      | Reached skill level 5 in Dodging
  8995 | D:9      | Noticed Erica
  9012 | D:9      | Killed Erica
  9090 | D:9      | Noticed Grum
  9131 | D:9      | Killed Grum
  9218 | D:9      | Noticed Harold
  9238 | D:9      | Killed Harold
  9297 | D:9      | Reached skill level 1 in Throwing
  9536 | D:9      | Found a staircase to the Lair.
  9750 | Lair:1   | Entered Level 1 of the Lair of Beasts
  9978 | Lair:1   | Noticed Sonja
  9998 | Lair:1   | Killed Sonja
  9999 | Lair:1   | Reached skill level 5 in Evocations
  9999 | Lair:1   | Identified the +1 plate armour of Packihil {rC++ Will+++
                  | Int-5}
 10193 | Lair:1   | Found a dark tunnel.
 10212 | Volcano  | Entered a volcano
 10307 | Volcano  | Noticed a lindwurm
 10329 | Volcano  | Noticed a lindwurm
 10330 | Volcano  | Killed a lindwurm
 10343 | Volcano  | Killed a lindwurm
 10445 | Volcano  | Noticed a lindwurm
 10445 | Volcano  | Noticed a lindwurm
 10460 | Volcano  | Killed a lindwurm
 10461 | Volcano  | Reached XP level 12. HP: 60/66 MP: 13/13
 10512 | Volcano  | Found the +2 cloak of the Thief {*Fog Slay-2 SInv Stlth+}
 10512 | Volcano  | Noticed a fire dragon
 10528 | Volcano  | Killed a fire dragon
 11294 | Lair:2   | Reached skill level 5 in Throwing
 11659 | Lair:2   | Noticed Fannar
 11675 | Lair:2   | Killed Fannar
 11676 | Lair:2   | Reached skill level 10 in Fighting
 11947 | Lair:2   | Noticed a four-headed hydra
 11955 | Lair:2   | Killed a four-headed hydra
 12220 | Lair:2   | Found a staircase to the Swamp.
 12937 | Lair:3   | Found a staircase to the Snake Pit.
 13099 | Lair:4   | Reached XP level 13. HP: 73/73 MP: 14/14
 13216 | Lair:4   | Found a frozen archway.
 13279 | IceCv    | Entered an ice cave
 13913 | IceCv    | Noticed a reaper
 13942 | IceCv    | Killed a reaper
 15190 | Lair:5   | Entered Level 5 of the Lair of Beasts
 15756 | Lair:5   | Found a viscous altar of Jiyva.
 15757 | Lair:5   | Found a staircase to the Slime Pits.
 15769 | Lair:5   | Reached XP level 14. HP: 80/80 MP: 15/15
 16758 | Lair:5   | Reached skill level 1 in Shields
 17359 | D:10     | Entered Level 10 of the Dungeon
 17955 | D:10     | Noticed a stone giant
 17968 | D:10     | Killed a stone giant
 18379 | D:11     | Found a portal to a secret trove of treasure.
 18687 | D:11     | Found a runed translucent door.
 18692 | D:11     | Noticed unrecovered's ghost (journeyman OpEE)
 18749 | D:11     | Reached skill level 10 in Armour
 18866 | D:11     | You fall into a shaft and drop 1 floor!
 19017 | D:11     | Reached skill level 5 in Shields
 19114 | D:11     | Killed unrecovered's ghost
 19254 | D:12     | Found Plog's Armour Shoppe.
 19254 | D:12     | Found a staircase to the Orcish Mines.
 19516 | D:12     | Reached XP level 15. HP: 84/84 MP: 16/16
 19552 | D:12     | Reached ***** piety under Trog
 19774 | D:12     | Noticed Snorg
 19791 | D:12     | Killed Snorg
 20054 | D:12     | Noticed Josephine
 20066 | D:12     | Killed Josephine
 20166 | D:12     | Noticed Jorgrun
 20186 | D:12     | Killed Jorgrun
 20317 | D:12     | Reached skill level 10 in Throwing
 20697 | D:13     | Identified the +7 dagger of Nice Purpose {chaos, rPois}
 20824 | D:13     | Found a gate to the Vaults.
 20950 | D:13     | Found a radiant altar of Vehumet.
 21657 | D:14     | Found a transporter.
 21657 | D:14     | Noticed Axipewex's ghost (journeyman OgTm)
 21659 | D:14     | Noticed a storm dragon
 21674 | D:14     | Found a transporter.
 22103 | D:15     | Entered Level 15 of the Dungeon
 22139 | D:15     | Noticed Nessos
 22146 | D:15     | Killed Nessos
 22282 | D:15     | Found a staircase to the Depths.
 22361 | D:15     | Received a gift from Trog
 22530 | D:15     | Found Ixymn's Armour Shoppe.
 22548 | D:15     | Noticed Azrael
 22588 | D:15     | Killed Azrael
 22636 | D:15     | Identified the ring "Xemem" {Fire Fly Int+4}
 22893 | Orc:1    | Entered Level 1 of the Orcish Mines
 23040 | Orc:1    | Found Ripuoj's Distillery.
 23202 | Orc:2    | Entered Level 2 of the Orcish Mines
 23501 | Orc:2    | Found a staircase to the Elven Halls.
 23722 | Orc:2    | Paralysed by an orc sorcerer for 2 turns
 24093 | Orc:2    | Found Ziov's Jewellery Shop.
 24151 | Orc:2    | Found a radiant altar of Vehumet.
 24152 | Orc:2    | Noticed Erolcha
 24187 | Orc:2    | Killed Erolcha
 24383 | Orc:2    | Found an ancient bone altar of Kikubaaqudgha.
 24418 | Orc:2    | Found Peraoj's Book Boutique.
 24501 | Orc:2    | Reached XP level 16. HP: 88/88 MP: 14/17
 24506 | Orc:2    | Found Nudit's Distillery.
 24550 | Orc:2    | Found Iruxeum's Antique Weapon Shop.
 24608 | Orc:2    | Bought the ring "Pifik" {rElec rPois} for 544 gold pieces
 25180 | D:14     | HP: 6/129 [storm dragon (4)]
 25180 | D:14     | HP: 1/129 [storm dragon (5)]
 25181 | D:14     | Slain by a storm dragon

Illustrated notes

Levels and vault maps discovered:
D:1:      minmay_arrival_hallway, layout_basic, shapermc_ecumenical_altar_petra,
          minmay_misc_feat_nine_boxes
D:2:      layout_basic, basic_altar
D:3:      minmay_inner_zag, layout_basic, gammafunk_ghost_grave, uniq_natasha
D:4:      layout_gridville, grunt_qazlal_clouds, mainiacjoe_overflow_catwalk,
          mainiacjoe_overflow_alcove_3, temple_pool_b, uniq_ijyb,
          uniq_blork_the_orc
D:5:      layout_basic, serial_bayou_pond_d, mrwooster_statue_mirror,
          st_stairs_2
D:6:      layout_loops_ring, dk_yredelemnul_ordeal, uniq_maggie, uniq_eustachio,
          uniq_menkaure
D:7:      layout_loops_ring, grunt_dithmenos_smoke_and_mirrors,
          mainiacjoe_overflow_24_doors, grunt_gozag_statues, minmay_crossroads,
          uniq_duvessa
D:8:      layout_loops_ring, grunt_temple_overflow_magic_moments,
          tso_metal_star, minmay_misc_feat_encased, uniq_joseph
D:9:      layout_gridville, lair_entry_dummy, st_stairs_9, uniq_harold,
          uniq_grum, uniq_erica
D:10:     minmay_shrinking_squares, layout_long_grid, lightli_orcish_oven
D:11:     layout_roguey, ebering_ghost_inner_flame, enter_trove_5
D:12:     layout_long_grid, orc_david_3, kennysheep_another_room,
          grunt_ministairs_7, minmay_door_square, uniq_jorgrun, uniq_josephine,
          uniq_snorg
D:13:     gargoyle_guard, layout_long_grid, david_vaults_1,
          nicolae_vehumet_altar_sigil
D:14:     layout_cave_pools, dk_noncrumbling_2,
          gammafunk_ghost_berserking_beasts
D:15:     grunt_enter_depths_hoard, layout_basic, serial_shops, shop,
          abandoned_shop, chequers_serial_rivers_micro_c, serial_park_tiny_1,
          uniq_nessos, uniq_azrael
Lair:1:   layout_cave_pods, lightli_volcano_entry_magma_tube,
          grunt_megastairs_4, serial_bayou_shore_a, lemuel_fruit_fields,
          uniq_sonja
Lair:2:   beast_lair_carwin_large_2, layout_regular_city,
          minmay_swamp_entry_reptiles, grunt_megastairs_2, serial_bayou_shore_b,
          uniq_fannar
Lair:3:   layout_cave_shapes, minmay_snake_entry_guardpost_small, minivault_24
Lair:4:   layout_long_grid, portal_ice_cave_entry_ice_simulacra,
          beast_lair_carwin_9, infiniplex_staircase_pool_2
Lair:5:   minmay_lair_end_enchanted_forest, layout_layer_cave, slime_entry_1
Orc:1:    layout_diamond_mine, basic_altar, serial_shops,
          nicolae_shop_advertising_works [nicolae_subvault_shop_adworks]
Orc:2:    kennysheep_orc_mage_school, layout_caves, uniq_erolcha

Skill      XL: |  1  2  3  4  5  6  7  8  9 10 11 12 13 14 15 |
---------------+----------------------------------------------+-----
Short Blades   | 3 4 5 7 8 10 | 10.0
Fighting       | 3 4 5 6 7 8 9 10 12 | 12.5
Armour         | 2 4 6 8 10 12 | 12.0
Dodging        | 4 6 8 |  8.6
Stealth        | 3 |  3.0
Evocations     | 2 6 |  6.0
Throwing       | 4 6 7 9 11 | 11.5
Shields        | 5 6 |  6.0

Action                   |  1- 3 |  4- 6 |  7- 9 | 10-12 | 13-15 | 16-18 || total
-------------------------+-------+-------+-------+-------+-------+-------++-------
Melee: Dagger            |    63 |   125 |   330 |   885 |  2180 |    19 ||  3602
       Bite              |    15 |    43 |   132 |   333 |   935 |    13 ||  1471
       Punch             |     2 |     1 |     7 |    19 |     8 |       ||    37
Throw: Stone             |    10 |       |     9 |     9 |       |       ||    28
       Dart              |       |       |       |     1 |    48 |       ||    49
       Boomerang         |       |       |       |       |    68 |     1 ||    69
       Javelin           |       |       |       |       |       |     1 ||     1
Invok: Berserk           |     2 |     3 |     7 |    25 |    37 |     1 ||    75
       Trog's Hand       |       |     2 |     4 |     8 |    16 |     1 ||    31
       Brothers in Arms  |       |       |       |       |     3 |       ||     3
Evoke: Wand              |       |       |     2 |     3 |    12 |     2 ||    19
  Use: Scroll            |       |    13 |     5 |     7 |     8 |     4 ||    37
       Potion            |       |       |       |     3 |     1 |     2 ||     6
 Stab: Sleeping          |       |     1 |       |       |       |       ||     1
       Paralysed         |       |       |       |       |     2 |       ||     2
Armor: Animal skin       |    11 |       |       |       |       |       ||    11
       Leather armour    |       |     7 |       |    34 |       |       ||    41
       Plate armour      |       |    49 |   112 |    34 |   112 |     6 ||   313
       Swamp dragon scal |       |       |    25 |    80 |       |       ||   105
       Scale mail        |       |       |       |   103 |   526 |       ||   629
Dodge: Dodged            |    19 |    36 |    88 |   349 |   767 |     5 ||  1264
Block: Buckler           |       |       |       |       |   242 |    13 ||   255
